 Dungeon Crawl Stone Soup version 0.14-a0-181-gf6fe0c6 (webtiles) character file.

73 4tharraofdagon the Sneak (level 3, 10/16 HPs)
             Began as a Spriggan Enchanter on Oct 7, 2013.
             Quit the game on Level 5 of the Dungeon.
             The game lasted 00:02:33 (539 turns).

4tharraofdagon the Sneak (Spriggan Enchanter)        Turns: 539, Time: 00:02:34

HP  10/16        AC  3     Str  4      XL: 3   Next: 14%
MP   0/9         EV 18     Int 16      God:
Gold 39          SH  0     Dex 17      Spells:  2 memorised,  1 level left

Res.Fire  : . . .   See Invis. : +   a - +1 dagger
Res.Cold  : . . .   Warding    : .   b - +1 robe
Life Prot.: . . .   Conserve   : .   (shield restricted)
Res.Poison: .       Res.Corr.  : .   (helmet restricted)
Res.Elec. : .       Clarity    : .   (no cloak)
Sust.Abil.: . .     Spirit.Shd : .   (gloves unavailable)
Res.Mut.  : .       Stasis     : .   (boots unavailable)
Res.Rott. : .       Flight     : .   (no amulet)
Saprovore : . . .                    (no ring)
                                     j - ring of flight

@: very quick, slightly resistant to hostile enchantments, quite stealthy
A: unfitting armour, see invisible, herbivore 3, speed 3, slow metabolism 2
a: Evoke Flight


You were on level 5 of the Dungeon.
You were not hungry.

You visited 1 branch of the dungeon, and saw 5 of its levels.

You collected 19 gold pieces.

Inventory:

Hand weapons
 a - a +1,+1 dagger (weapon)
Missiles
 d - 12 darts (quivered)
Armour
 b - a +1 robe (worn)
Comestibles
 g - a bread ration
 i - a pear
Scrolls
 h - a scroll of magic mapping
 k - 2 scrolls of fog
Jewellery
 j - a ring of flight (left hand)
Potions
 e - a potion of porridge
Books
 c - a book of Maledictions

   Spells                             Type                      Level
   *Corona                            Hexes                        1
   Sure Blade                         Hexes/Charms                 2
   *Ensorcelled Hibernation           Hexes/Ice                    2
   Confuse                            Hexes                        3
   Enslavement                        Hexes                        4
   Invisibility                       Hexes                        6


   Skills:
 - Level 1.1 Short Blades
 - Level 1.1 Throwing
 - Level 3.0 Dodging
 + Level 5.7 Stealth
 - Level 1.3 Spellcasting
 - Level 3.6 Hexes


You had one spell level left.
You knew the following spells:

 Your Spells              Type           Power        Failure   Level  Hunger
a - Corona                Hex            ##.....      8%          1    ##.....
b - Ensorcelled Hibernat  Hex/Ice        #.....       17%         2    ###....


Dungeon Overview and Level Annotations

Branches:
Dungeon (5/27)
 Temple: D:4-7

Altars:
Nemelex Xobeh


Innate Abilities, Weirdness & Mutations

You are tiny and cannot use many weapons and most armour.
You have supernaturally acute eyesight.
You are a herbivore.
You cover ground extremely quickly.
You need consume almost no food.


Message History

Confirm with . or Enter, or press ? or * to list all spells.
Aiming: Ensorcelled Hibernation
Press: ? - help, Shift-Dir - straight line, f/p - adder
Aim: an adder (purple smoke)
The adder looks drowsy...
The jackal bites you.
The helpless adder fails to defend itself.
You impale the adder!!
You kill the adder!
You have reached level 3!
Your experience leads to an increase in your attributes!
Increase (S)trength, (I)ntelligence, or (D)exterity?
You feel agile.
The jackal bites you but does no damage.
Drink which item? (? for menu, Esc to quit)
Okay, then.
You hit the orc.
The orc is moderately wounded.
The jackal bites you.
The jackal bites you but does no damage.
Are you sure you want to abandon this character and quit the game? (Confirm with "yes".)

###################
#o@hs§.s.a.........
#o##########.......
#§ #....... #§
#....... .S
#....... .o
#####.## .o. #.#
....# #.# .....#
#.#


You could see a scorpion, an orc wizard, an orc and a jackal.

Vanquished Creatures
  An adder (D:5)
  An adder zombie (D:5)
  3 giant geckos
  2 bats
  A giant cockroach (D:1)
  A hobgoblin (D:1)
  2 jackals (D:2)
  A quokka (D:3)
  3 goblins
  A kobold (D:1)
  A rat (D:1)
17 creatures vanquished.

Notes
Turn   | Place    | Note
--------------------------------------------------------------
     0 | D:1      | 4tharraofdagon, the Spriggan Enchanter, began the quest for the Orb.
     0 | D:1      | Reached XP level 1. HP: 9/9 MP: 4/4
   208 | D:1      | Reached skill level 4 in Stealth
   256 | D:2      | Reached XP level 2. HP: 8/13 MP: 6/6
   266 | D:2      | Learned a level 2 spell: Ensorcelled Hibernation
   325 | D:3      | Found a sparkling altar of Nemelex Xobeh.
   402 | D:5      | Entered Level 5 of the Dungeon
   403 | D:5      | Reached skill level 5 in Stealth
   404 | D:5      | Noticed a centaur
   482 | D:5      | Noticed a necrophage
   537 | D:5      | Reached XP level 3. HP: 12/16 MP: 0/9
   539 | D:5      | Quit the game

Action                   || total
-------------------------++-------
Melee: Dagger            ||    55
 Cast: Corona            ||     6
       Ensorcelled Hiber ||     6
  Use: Scroll            ||     3
 Stab: Sleeping          ||     9
